| TOP OF THE 1ST |
|
San Antonio Missions batting - Pitching for Tennessee Smokies : RHP Mike Borell
|
|
Pitching: RHP Mike Borell
|
|
|
Batting: LHB Tsutomu Miyahara
|
0-0: Called Strike 0-1: Bunt missed! 0-2: Reached on error, E3 (Groundball, 3L, EV 77.5 MPH)
|
|
Batting: LHB Ben Antal
|
0-0: Called Strike Tsutomu Miyahara steals 2nd base 0-1: Swinging Strike 0-2: Ball 1-2: Ball 2-2: Ball 3-2: Ground out 3-1 (Groundball, 34S, EV 85.6 MPH) Tsutomu Miyahara to third
|
|
Batting: LHB Conrad Taylor
|
0-0: Ball 1-0: Foul Ball, location: 2F 1-1: SINGLE (Groundball, 6S, EV 63.8 MPH) (infield hit) Tsutomu Miyahara scores
|
|
Batting: RHB Kyle Davis
|
0-0: Ball 1-0: Ball 2-0: Called Strike 2-1: Grounds out, U3 (Groundball, 3L, EV 109.4 MPH)
|
|
Batting: LHB Corey Lewis
|
0-0: Called Strike 0-1: Ball 1-1: Hit by Pitch
|
|
Pitching: RHP Devin Ward
|
|
|
Batting: RHB Min-chin Yi
|
0-0: Ball 1-0: Called Strike 1-1: Foul Ball, location: 2F 1-2: DOUBLE (Flyball, 8RXD, EV 101.2 MPH) Conrad Taylor scores Corey Lewis to third
|
|
Batting: SHB Curtis Thompson
|
0-0: Ball 1-0: Ball 2-0: Ball 3-0: Called Strike 3-1: Foul Ball, location: 2F 3-2: Strikes out swinging
|
| Top of the 1st over - 2 runs, 2 hits, 1 error, 2 left on base; San Antonio 2 - Tennessee 0 |
| BOTTOM OF THE 1ST |
|
Tennessee Smokies batting - Pitching for San Antonio Missions : RHP Bobby Mauk
|
|
Pitching: RHP Bobby Mauk
|
|
|
Batting: LHB Brent Dutcher
|
0-0: Called Strike 0-1: Swinging Strike 0-2: Strikes out swinging
|
|
Batting: RHB Heef Harted
|
0-0: Called Strike 0-1: Called Strike 0-2: Foul Ball, location: 2F 0-2: Ball 1-2: SINGLE (Groundball, 6MD, EV 108.8 MPH)
|
|
Batting: LHB Brian Newton
|
0-0: Ball Heef Harted is caught stealing 2nd base 2-6 1-0: Called Strike 1-1: Fly out, F9 (Flyball, 89S, EV 88.1 MPH)
|
| Bottom of the 1st over - 0 runs, 1 hit, 0 errors, 0 left on base; San Antonio 2 - Tennessee 0 |
| TOP OF THE 2ND |
|
San Antonio Missions batting - Pitching for Tennessee Smokies : RHP Devin Ward
|
|
Batting: LHB Josh Slusarczyk
|
0-0: Ball 1-0: Called Strike 1-1: SOLO HOME RUN (Flyball, 9D, EV 96.2 MPH), Distance : 395 ft
|
|
Batting: RHB Nate Burkhalter
|
0-0: Ball 1-0: Called Strike 1-1: SOLO HOME RUN (Flyball, 7D, EV 106.2 MPH), Distance : 393 ft
|
|
Batting: LHB Tsutomu Miyahara
|
0-0: Called Strike 0-1: Ball 1-1: Ball 2-1: Foul Ball, location: 2F 2-2: SINGLE (Groundball, 4S, EV 73.1 MPH) (infield hit)
|
|
Pitching: RHP Bob Gilliam
|
|
|
Batting: LHB Ben Antal
|
0-0: Ball 1-0: Called Strike Tsutomu Miyahara is caught stealing 2nd base 2-6 1-1: Ball 2-1: Ball 3-1: Foul Ball, location: 2F 3-2: Foul Ball, location: 2F 3-2: Ground out 4-3 (Groundball, 34D, EV 101.2 MPH)
|
|
Batting: LHB Conrad Taylor
|
0-0: Called Strike 0-1: Ball 1-1: Foul Ball, location: 2F 1-2: Ball 2-2: Ball 3-2: Foul Ball, location: 2F 3-2: Foul Ball, location: 2F 3-2: SOLO HOME RUN (Line Drive, 9D, EV 100.0 MPH), Distance : 390 ft
|
|
Batting: RHB Kyle Davis
|
0-0: Called Strike 0-1: Swinging Strike 0-2: Fly out, F8 (Flyball, 8LD, EV 92.5 MPH)
|
| Top of the 2nd over - 3 runs, 4 hits, 0 errors, 0 left on base; San Antonio 5 - Tennessee 0 |
| BOTTOM OF THE 2ND |
|
Tennessee Smokies batting - Pitching for San Antonio Missions : RHP Bobby Mauk
|
|
Batting: RHB Bobby Gray
|
0-0: Called Strike 0-1: Ball 1-1: Ball 2-1: Foul Ball, location: 2F 2-2: Ball 3-2: Strikes out swinging
|
|
Batting: RHB Heitaro Tanaka
|
0-0: Ball 1-0: Foul Ball, location: 2F 1-1: Ball 2-1: Swinging Strike 2-2: Strikes out looking
|
|
Batting: SHB Rich Ranaldi
|
0-0: Ball 1-0: Ball 2-0: Foul Ball, location: 2F 2-1: Ground out 4-3 (Groundball, 4, EV 85.0 MPH)
|
| Bottom of the 2nd over - 0 runs, 0 hits, 0 errors, 0 left on base; San Antonio 5 - Tennessee 0 |
| TOP OF THE 3RD |
|
San Antonio Missions batting - Pitching for Tennessee Smokies : RHP Bob Gilliam
|
|
Pitching: LHP Nate George
|
|
|
Batting: LHB Corey Lewis
|
0-0: Called Strike 0-1: Foul Ball, location: 2F 0-2: Ball 1-2: Foul Ball, location: 2F 1-2: SINGLE (Line Drive, 8RS, EV 96.2 MPH)
|
|
Batting: RHB Min-chin Yi
|
0-0: Foul Ball, location: 2F 0-1: Ball 1-1: Swinging Strike 1-2: Ball 2-2: Foul Ball, location: 2F 2-2: Ball 3-2: Foul Ball, location: 2F 3-2: 2-RUN HOME RUN (Flyball, 7D, EV 102.5 MPH), Distance : 392 ft
|
|
Batting: SHB Curtis Thompson
|
0-0: DOUBLE (Groundball, 5L, EV 105.6 MPH)
|
|
Batting: LHB Josh Slusarczyk
|
0-0: Called Strike 0-1: Ball 1-1: Ground out 5-3 (Groundball, 6, EV 81.9 MPH) Curtis Thompson to third
|
|
Batting: RHB Nate Burkhalter
|
0-0: Ball 1-0: Foul Ball, location: 2F 1-1: SINGLE (Line Drive, 4D, EV 103.8 MPH) Curtis Thompson scores
|
|
Batting: LHB Tsutomu Miyahara
|
0-0: Ball 1-0: Foul Ball, location: 2F 1-1: Ball 2-1: Foul Ball, location: 2F 2-2: Foul Ball, location: 2F 2-2: Fielders Choice at 2nd, 4-6 (Groundball, 34, EV 81.2 MPH)
|
|
Batting: LHB Ben Antal
|
0-0: Ball 1-0: Ball 2-0: Fly out, F8 (Line Drive, 8RM, EV 94.4 MPH)
|
| Top of the 3rd over - 3 runs, 4 hits, 0 errors, 1 left on base; San Antonio 8 - Tennessee 0 |
| BOTTOM OF THE 3RD |
|
Tennessee Smokies batting - Pitching for San Antonio Missions : RHP Bobby Mauk
|
|
Batting: RHB Brian Warren
|
0-0: Called Strike 0-1: Called Strike 0-2: Strikes out swinging
|
|
Batting: RHB John Iddings
|
0-0: Ball 1-0: SINGLE (Line Drive, 9S, EV 110.0 MPH)
|
|
Batting: RHB Chris Rosinsky
|
0-0: Ball 1-0: Ball John Iddings steals 2nd base (no throw) 2-0: Swinging Strike 2-1: Foul Ball, location: 2F 2-2: Foul Ball, location: 2F 2-2: Ball 3-2: Strikes out swinging
|
|
Batting: LHB Brent Dutcher
|
0-0: Called Strike 0-1: Ground out 4-3 (Groundball, 4, EV 100.6 MPH)
|
| Bottom of the 3rd over - 0 runs, 1 hit, 0 errors, 1 left on base; San Antonio 8 - Tennessee 0 |
| TOP OF THE 4TH |
|
San Antonio Missions batting - Pitching for Tennessee Smokies : LHP Nate George
|
|
Batting: LHB Conrad Taylor
|
0-0: Foul Ball, location: 2F 0-1: SINGLE (Groundball, 56D, EV 93.8 MPH)
|
|
Batting: RHB Kyle Davis
|
0-0: Swinging Strike 0-1: Swinging Strike 0-2: Ball 1-2: Ball 2-2: Ball 3-2: Base on Balls Conrad Taylor to second
|
|
Batting: LHB Corey Lewis
|
0-0: Ball 1-0: Called Strike 1-1: Called Strike 1-2: Ball 2-2: Fly out, F8 (Flyball, 78XD, EV 90.0 MPH) Runner from 2nd tags up, SAFE at 3rd, no throw by CF
|
|
Batting: RHB Min-chin Yi
|
0-0: Ball 1-0: Ball 2-0: Ball 3-0: Base on Balls Kyle Davis to second
|
|
Batting: SHB Curtis Thompson
|
0-0: Foul Ball, location: 2F 0-1: Ball 1-1: Grounds into double play, 4-6-3 (Groundball, 4, EV 77.5 MPH)
|
| Top of the 4th over - 0 runs, 1 hit, 0 errors, 2 left on base; San Antonio 8 - Tennessee 0 |
| BOTTOM OF THE 4TH |
|
Tennessee Smokies batting - Pitching for San Antonio Missions : RHP Bobby Mauk
|
|
Batting: RHB Heef Harted
|
0-0: Ball 1-0: Foul Ball, location: 2F 1-1: Ball 2-1: TRIPLE (Flyball, 78XD, EV 98.1 MPH)
|
|
Batting: LHB Brian Newton
|
0-0: Ball 1-0: Ball 2-0: SINGLE (Line Drive, 78S, EV 100.0 MPH) Heef Harted scores
|
|
Batting: RHB Bobby Gray
|
0-0: Ball 1-0: Foul Ball, location: 2F 1-1: Ball 2-1: 2-RUN HOME RUN (Flyball, 9D, EV 100.6 MPH), Distance : 380 ft
|
|
Batting: RHB Heitaro Tanaka
|
0-0: Ball 1-0: Ball 2-0: Foul Ball, location: 2F 2-1: Ground out 6-3 (Groundball, P, EV 88.1 MPH)
|
|
Batting: SHB Rich Ranaldi
|
0-0: Ground out 4-3 (Groundball, 4, EV 84.4 MPH)
|
|
Batting: RHB Brian Warren
|
0-0: Called Strike 0-1: Called Strike 0-2: Ball 1-2: Foul Ball, location: 2F 1-2: Ball 2-2: Ground out 4-3 (Groundball, 4, EV 80.6 MPH)
|
| Bottom of the 4th over - 3 runs, 3 hits, 0 errors, 0 left on base; San Antonio 8 - Tennessee 3 |
| TOP OF THE 5TH |
|
San Antonio Missions batting - Pitching for Tennessee Smokies : LHP Nate George
|
|
Batting: LHB Josh Slusarczyk
|
0-0: Called Strike 0-1: DOUBLE (Flyball, 8RXD, EV 95.0 MPH)
|
|
Batting: RHB Nate Burkhalter
|
0-0: Called Strike 0-1: Ball 1-1: Ball 2-1: Foul Ball, location: 2F 2-2: Foul Ball, location: 2F 2-2: Strikes out swinging
|
|
Batting: LHB Tsutomu Miyahara
|
0-0: Ball 1-0: SINGLE (Groundball, 34S, EV 68.1 MPH) (infield hit) Josh Slusarczyk to third
|
|
Batting: LHB Ben Antal
|
0-0: Ball 1-0: DOUBLE (Line Drive, 9LM, EV 88.8 MPH) Josh Slusarczyk scores Tsutomu Miyahara to third Runner from 3rd tries for Home, SAFE, no throw by RF
|
|
Pitching: RHP Sean Espejo
|
|
|
Batting: LHB Conrad Taylor
|
0-0: Foul Ball, location: 2F 0-1: DOUBLE (Flyball, 89D, EV 98.1 MPH) Ben Antal scores
|
|
Batting: RHB Kyle Davis
|
0-0: Foul Ball, location: 2F 0-1: Fly out, F8 (Flyball, 8RM, EV 87.5 MPH)
|
|
Batting: LHB Corey Lewis
|
0-0: Ball 1-0: Foul Ball, location: 2F 1-1: Ball 2-1: DOUBLE (Line Drive, 5D, EV 95.6 MPH) Conrad Taylor scores
|
|
Batting: RHB Min-chin Yi
|
0-0: Ball 1-0: Ball 2-0: Ball 3-0: Base on Balls
|
|
Batting: SHB Curtis Thompson
|
0-0: Ball Wild Pitch! Corey Lewis to third Min-chin Yi to second 1-0: Called Strike 1-1: Called Strike 1-2: DOUBLE (Flyball, 8LXD, EV 90.0 MPH) Corey Lewis scores Min-chin Yi scores
|
|
Batting: LHB Josh Slusarczyk
|
0-0: Ball 1-0: SINGLE (Flyball, 8RS, EV 93.8 MPH) Curtis Thompson to third Runner from 3rd tries for Home, SAFE, throw by CF to home Josh Slusarczyk to second
|
|
Pitching: RHP Adam Kelliher
|
|
|
Batting: RHB Nate Burkhalter
|
0-0: Ball 1-0: Swinging Strike 1-1: SINGLE (Line Drive, 89M, EV 102.5 MPH) Josh Slusarczyk to third Runner from 3rd tries for Home, SAFE, throw by CF to home Nate Burkhalter to second
|
|
Batting: LHB Tsutomu Miyahara
|
0-0: Ground out U3 (Groundball, 3, EV 92.5 MPH)
|
| Top of the 5th over - 8 runs, 8 hits, 0 errors, 1 left on base; San Antonio 16 - Tennessee 3 |
| BOTTOM OF THE 5TH |
|
Tennessee Smokies batting - Pitching for San Antonio Missions : RHP Bobby Mauk
|
|
Batting: RHB John Iddings
|
0-0: Ball 1-0: Called Strike 1-1: Foul Ball, location: 2F 1-2: Ball 2-2: Foul Ball, location: 2F 2-2: SINGLE (Groundball, 4D, EV 95.0 MPH)
|
|
Batting: RHB Chris Rosinsky
|
0-0: Grounds into double play, 6-4-3 (Groundball, 6M, EV 104.4 MPH)
|
|
Batting: LHB Brent Dutcher
|
0-0: Swinging Strike 0-1: Ball 1-1: Ground out 6-3 (Groundball, 6S, EV 70.6 MPH)
|
| Bottom of the 5th over - 0 runs, 1 hit, 0 errors, 0 left on base; San Antonio 16 - Tennessee 3 |
| TOP OF THE 6TH |
|
San Antonio Missions batting - Pitching for Tennessee Smokies : RHP Adam Kelliher
|
|
Batting: LHB Ben Antal
|
0-0: SOLO HOME RUN (Flyball, 9D, EV 95.0 MPH), Distance : 362 ft
|
|
Batting: LHB Conrad Taylor
|
0-0: Ball 1-0: Ball 2-0: Ball 3-0: Called Strike 3-1: Called Strike 3-2: Base on Balls
|
|
Batting: RHB Kyle Davis
|
0-0: Ball 1-0: Foul Ball, location: 2F 1-1: Fielders Choice at 2nd, 2-4 (Groundball, 2L, EV 65.0 MPH)
|
|
Batting: LHB Corey Lewis
|
0-0: Ball 1-0: Ball Wild Pitch! Kyle Davis to second 2-0: Ball 3-0: Base on Balls
|
|
Pitching: RHP Nick Kleckner
|
|
|
Batting: RHB Min-chin Yi
|
0-0: Ball 1-0: Ball 2-0: Ball Wild Pitch! Kyle Davis to third Corey Lewis to second 3-0: Base on Balls
|
|
Batting: SHB Curtis Thompson
|
0-0: Ball 1-0: Fielders Choice at 2nd, 5-4 (Groundball, 56, EV 88.1 MPH) Kyle Davis scores Corey Lewis to third
|
|
Batting: LHB Josh Slusarczyk
|
0-0: Ball 1-0: Ball 2-0: Called Strike 2-1: Ball 3-1: Base on Balls Curtis Thompson to second
|
|
Batting: RHB Nate Burkhalter
|
0-0: Ball 1-0: Ball 2-0: Called Strike 2-1: Foul Ball, location: 2F 2-2: Ball Balk! Corey Lewis scores Curtis Thompson to third Josh Slusarczyk to second 3-2: Foul Ball, location: 2F 3-2: Base on Balls
|
|
Pitching: RHP Vij Ramamani
|
|
|
Batting: LHB Tsutomu Miyahara
|
0-0: Ball 1-0: Swinging Strike 1-1: Called Strike 1-2: Ball 2-2: Ball 3-2: Strikes out swinging
|
| Top of the 6th over - 3 runs, 1 hit, 0 errors, 3 left on base; San Antonio 19 - Tennessee 3 |
| BOTTOM OF THE 6TH |
|
Tennessee Smokies batting - Pitching for San Antonio Missions : RHP Bobby Mauk
|
|
Batting: RHB Heef Harted
|
0-0: Called Strike 0-1: Ground out 5-3 (Groundball, 5, EV 105.0 MPH)
|
|
Batting: LHB Brian Newton
|
0-0: Ground out 5-3 (Groundball, 56, EV 80.6 MPH)
|
|
Batting: RHB Bobby Gray
|
0-0: Ball 1-0: Ball 2-0: Ground out 5-3 (Groundball, 56, EV 102.5 MPH)
|
| Bottom of the 6th over - 0 runs, 0 hits, 0 errors, 0 left on base; San Antonio 19 - Tennessee 3 |
| TOP OF THE 7TH |
|
San Antonio Missions batting - Pitching for Tennessee Smokies : RHP Vij Ramamani
|
|
Batting: LHB Ben Antal
|
0-0: Ball 1-0: Called Strike 1-1: SINGLE (Flyball, 9LS, EV 95.0 MPH)
|
|
Batting: LHB Conrad Taylor
|
0-0: Ball 1-0: Foul Ball, location: 2F 1-1: Ball 2-1: Ball 3-1: Base on Balls Ben Antal to second
|
|
Batting: RHB Kyle Davis
|
0-0: Called Strike 0-1: Ball 1-1: Foul Ball, location: 2F 1-2: Ball 2-2: Foul Ball, location: 2F 2-2: Foul Ball, location: 2F 2-2: Ball 3-2: Base on Balls Ben Antal to third Conrad Taylor to second
|
|
Pitching: RHP Rashid bin Ala'
|
|
|
Batting: LHB Corey Lewis
|
0-0: Foul Ball, location: 2F 0-1: Ball 1-1: Ball 2-1: Ball 3-1: Foul Ball, location: 2F 3-2: Base on Balls Ben Antal scores Conrad Taylor to third Kyle Davis to second
|
|
Batting: RHB Min-chin Yi
|
0-0: Ball 1-0: Foul Ball, location: 2F 1-1: Swinging Strike 1-2: Fly out, F9 (Flyball, 9S, EV 90.6 MPH)
|
|
Batting: SHB Curtis Thompson
|
0-0: Called Strike 0-1: Ball 1-1: Ball 2-1: Fielders Choice at 2nd, 3-6 (Groundball, 34, EV 82.5 MPH) Conrad Taylor scores Kyle Davis to third
|
|
Batting: LHB Josh Slusarczyk
|
0-0: Ground out U3 (Groundball, 34, EV 84.4 MPH)
|
| Top of the 7th over - 2 runs, 1 hit, 0 errors, 2 left on base; San Antonio 21 - Tennessee 3 |
| BOTTOM OF THE 7TH |
|
Tennessee Smokies batting - Pitching for San Antonio Missions : RHP Bobby Mauk
|
|
Batting: RHB Heitaro Tanaka
|
0-0: Called Strike 0-1: Foul Ball, location: 2F 0-2: Strikes out looking
|
|
Batting: SHB Rich Ranaldi
|
0-0: Ground out 3-1 (Groundball, 34S, EV 83.8 MPH)
|
|
Batting: RHB Brian Warren
|
0-0: Ball 1-0: Foul Ball, location: 2F 1-1: Swinging Strike 1-2: Strikes out swinging
|
| Bottom of the 7th over - 0 runs, 0 hits, 0 errors, 0 left on base; San Antonio 21 - Tennessee 3 |
| TOP OF THE 8TH |
|
San Antonio Missions batting - Pitching for Tennessee Smokies : RHP Rashid bin Ala'
|
|
Batting: RHB Nate Burkhalter
|
0-0: Ball 1-0: Swinging Strike 1-1: Ball 2-1: Ground out 5-3 (Groundball, 56, EV 114.4 MPH)
|
|
Batting: LHB Tsutomu Miyahara
|
0-0: Ball 1-0: Foul Ball, location: 2F 1-1: Foul Ball, location: 2F 1-2: Foul Ball, location: 2F 1-2: Ball 2-2: Strikes out swinging
|
|
Batting: LHB Ben Antal
|
0-0: Fly out, F9 (Flyball, 9LD, EV 91.2 MPH)
|
| Top of the 8th over - 0 runs, 0 hits, 0 errors, 0 left on base; San Antonio 21 - Tennessee 3 |
| BOTTOM OF THE 8TH |
|
Tennessee Smokies batting - Pitching for San Antonio Missions : RHP Bobby Mauk
|
|
Batting: RHB John Iddings
|
0-0: Called Strike 0-1: Ball 1-1: Ball 2-1: SINGLE (Line Drive, 89M, EV 89.4 MPH)
|
|
Batting: RHB Chris Rosinsky
|
0-0: Foul Ball, location: 2F 0-1: Ball 1-1: Ball 2-1: Ball 3-1: Foul Ball, location: 2F 3-2: Foul Ball, location: 2F 3-2: Strikes out swinging
|
|
Pitching: RHP David Deon
|
|
|
Batting: LHB Brent Dutcher
|
0-0: Called Strike 0-1: Ball Wild Pitch! John Iddings to second 1-1: Ball 2-1: Foul Ball, location: 2F 2-2: Foul Ball, location: 2F 2-2: 2-RUN HOME RUN (Flyball, 89XD, EV 103.1 MPH), Distance : 423 ft
|
|
Batting: RHB Heef Harted
|
0-0: Foul Ball, location: 2F 0-1: Swinging Strike 0-2: Ground out 4-3 (Groundball, 4M, EV 92.5 MPH)
|
|
Batting: LHB Brian Newton
|
0-0: Hit by Pitch
|
|
Batting: RHB Bobby Gray
|
0-0: Foul Ball, location: 2F 0-1: Ball 1-1: Ball 2-1: Ball 3-1: Base on Balls Brian Newton to second
|
|
Batting: RHB Heitaro Tanaka
|
0-0: Called Strike 0-1: Swinging Strike 0-2: Ball 1-2: Ball 2-2: Strikes out looking
|
| Bottom of the 8th over - 2 runs, 2 hits, 0 errors, 2 left on base; San Antonio 21 - Tennessee 5 |
| TOP OF THE 9TH |
|
San Antonio Missions batting - Pitching for Tennessee Smokies : RHP Rashid bin Ala'
|
|
Batting: LHB Conrad Taylor
|
0-0: Ball 1-0: Ball 2-0: Ball 3-0: Called Strike 3-1: Foul Ball, location: 2F 3-2: Base on Balls
|
|
Batting: RHB Kyle Davis
|
0-0: Ball 1-0: Ball 2-0: Called Strike 2-1: Foul Ball, location: 2F 2-2: Reached on error, E3 (Groundball, 34S, EV 66.2 MPH) Conrad Taylor to second
|
|
Batting: LHB Corey Lewis
|
0-0: Foul Ball, location: 2F 0-1: Fly out, F8 (Flyball, 8LD, EV 102.5 MPH)
|
|
Batting: RHB Min-chin Yi
|
0-0: Swinging Strike 0-1: Ball 1-1: Swinging Strike 1-2: Strikes out swinging
|
|
Batting: SHB Curtis Thompson
|
0-0: Ball 1-0: Foul Ball, location: 2F 1-1: Ball 2-1: Ball 3-1: Foul Ball, location: 2F 3-2: Foul Ball, location: 2F 3-2: Ground out 6-3 (Groundball, 6MD, EV 86.2 MPH)
|
| Top of the 9th over - 0 runs, 0 hits, 1 error, 2 left on base; San Antonio 21 - Tennessee 5 |
| BOTTOM OF THE 9TH |
|
Tennessee Smokies batting - Pitching for San Antonio Missions : RHP David Deon
|
|
Batting: SHB Rich Ranaldi
|
0-0: Swinging Strike 0-1: Fly out, F2 (Popup, 25F, EV 86.2 MPH)
|
|
Batting: RHB Brian Warren
|
0-0: Ball 1-0: Ball 2-0: Ball 3-0: SOLO HOME RUN (Flyball, 7D, EV 99.4 MPH), Distance : 379 ft
|
|
Batting: RHB John Iddings
|
0-0: Called Strike 0-1: Ball 1-1: Foul Ball, location: 2F 1-2: Foul Ball, location: 2F 1-2: Foul Ball, location: 2F 1-2: Foul Ball, location: 2F 1-2: Ball 2-2: Ball 3-2: Fly out, F9 (Flyball, 9D, EV 97.5 MPH)
|
|
Batting: RHB Chris Rosinsky
|
0-0: Called Strike 0-1: Ball 1-1: Called Strike 1-2: Foul Ball, location: 2F 1-2: Foul Ball, location: 2F 1-2: Ball 2-2: Strikes out swinging
|
| Bottom of the 9th over - 1 run, 1 hit, 0 errors, 0 left on base; San Antonio 21 - Tennessee 6 |
|